 BcadrenCrawl: Boulder Brew version 0.06-688-g08e91b2d95 (webtiles) character file.

Game seed: 5934548840253024223

1 pipel the Caster of Ruination (level 1, 0/3 HPs) Fairy Priest. Began on Jan 5, 2023. Was a Believer of Vehumet. Slain by a giant cockroach (1 damage) ... on level 1 of the Dungeon. The game lasted 00:00:41 (69 turns).

pipel the Caster of Ruination (Fairy Priest)          Turns: 69, Time: 00:00:42

Health: 0/3        AC:  0    Str:  4    XL:     1 ^: 10
Magic:  3/3        EV: 20    Int: 18    God:    Vehumet [2* [51]]
Gold:   0          SH:  0    Dex: 14    Spells: 0/0 levels left

rFire    . . .     Slash    +   (no jewelry)
rCold    . . .     Pierce   +
rNeg     . . .     Bludgeon +
rCorr    . . .     Vision   .
rPois    .         Gourm    .
rElec    .         Faith    .
MR       .....     Spirit   .
HPRegen  0.11/turn Reflect  .
MPRegen  0.13/turn Harm     .
Stlth    +.........

@: very slightly contaminated, glowing, slow
A: tiny, no armour or weapons, only one jewelry slot, no melee attacks, fairy
magic, fairy shield, decreased potion and divine healing, unfitting armour,
flight, slowness 1, fairy light 1, insubstantial
a: Fly, Renounce Religion


You were on level 1 of the Dungeon.
You worshipped Vehumet.
Vehumet was pleased with you.
You were not hungry.

You visited 1 branch of the dungeon, and saw 1 of its levels.
You also visited: Temple.

Inventory:

Potions
 b - a potion of curing
Comestibles
 a - a ration


   Skills:
 + Level 2.8 Dodging
 + Level 1.4 Stealth
 + Level 1.1 Fire Magic
   Level 3.6 Invocations


You couldn't memorise any spells.
You knew the following spells:

 Your Spells              Type           Power        Failure   Level  Hunger
a - Foxfire               Fire           4 (25)       14%         1    40-60

Your spell library contained the following spells:

 Spells                   Type           Power        Failure   Level  Hunger
 Sandblast Erth 0 (50) 22% 1 40-60 Throw Frost Ice            0 (50)       32%         2    80-120


Dungeon Overview and Level Annotations

Branches:
Dungeon (1/8)

Altars:


Innate Abilities, Weirdness & Mutations

You are too small to use any gear.
You can wear a single ring or amulet completely around your body.
You are incapable of melee of any kind.
Your magic reserves are extremely low but spells that normally cost one mana are free and all other spells cost one mana.
You are extremely frail but all attacks that strike you do exactly one damage.
The effect of potions and godly healing effects is reduced to match your tiny health and magic reserves.
You are able to fly continuously.
You cover ground slowly.
You exude a bright light in a small radius around yourself.
Your insubstantial form grants resistance to all physical attack and full immunity to sticky flames, nets and constriction. (rPhysical+)


Message History

The giant cockroach bites you (2).
Unknown command.
The foxfire hits the giant cockroach but does no damage.
The giant cockroach is heavily wounded. (3/5) HP The foxfire hits the giant cockroach (2).
The giant cockroach is almost dead. (1/5) HP The giant cockroach bites you (3).
Casting: Foxfire (safe; 14% risk of failure)
Confirm with . or Enter, or press ? or * to list all spells.
You conjure some foxfire!
The foxfire hits the kobold but does no damage.
The kobold is healthy. (4/4) HP The giant cockroach closely misses you.
Unknown command.
Casting: Foxfire (safe; 14% risk of failure)
Confirm with . or Enter, or press ? or * to list all spells.
Nothing appears to happen.
The foxfire hits the kobold (1).
The kobold is moderately wounded. (3/4) HP The giant cockroach bites you (2).
You die...

.# # .# .# .# .# #.# #.
..####. ###+###
####.#####.......
##.....###.§##.#.l#.......
#.......#..§≈#.#Ks).......
+...<...'..≈≈#..@##§......
#.......#..≈§#.### >≈..s..
##...?.###.≈##.# .####.#
###'### ####.## ## . #...#
##.# #...# ####.##
####'####...##
.........#### ##########


You could see a cinder newt, a giant cockroach (clinging) and a kobold.

Vanquished Creatures
  A goblin (D:1)
1 creature vanquished.

Vanquished Creatures (others)
  6 foxfires (D:1)
6 creatures vanquished.

Grand Total: 7 creatures vanquished

Notes
Turn   | Place    | Note
-------+----------+-------------------------------------------
     0 | Start Te | pipel the Fairy Priest began the quest for the Orb.
     0 | Start Te | Reached XP level 1. HP: 3/3 MP: 3/3
     0 | Start Te | Found a sparkling altar of Nemelex Xobeh.
     1 | Start Te | Found a basalt altar of Yredelemnul.
     1 | Start Te | Found a white marble altar of Elyvilon.
     2 | Start Te | Found an iron altar of Okawaru.
     3 | Start Te | Found a glowing silver altar of Zin.
     3 | Start Te | Found a blossoming altar of Fedhas.
     4 | Start Te | Found a stormy altar of Qazlal.
     5 | Start Te | Found a glowing golden altar of the Shining One.
     5 | Start Te | Found an opulent altar of Gozag.
     6 | Start Te | Found a sacrificial altar of Ru.
     7 | Start Te | Found an ornate altar of Bahamut and Tiamat.
     7 | Start Te | Found a hazy altar of Hepliaklqana.
    17 | Start Te | Became a worshipper of Vehumet
    17 | Start Te | Reached * piety under Vehumet
    17 | Start Te | Offered knowledge of Sandblast by Vehumet.
    17 | Start Te | Offered knowledge of Throw Frost by Vehumet.
    17 | Start Te | Reached ** piety under Vehumet
    69 | D:1      | Slain by a giant cockroach

Illustrated notes

Levels and vault maps discovered:
D:1:      dpeg_arrival_another_circle, layout_loops_cross

Action                   || total
-------------------------++-------
 Cast: Foxfire           ||     6
Dodge: Dodged            ||     1
